 Seeded DCSS version 0.30-a0-715-gdb4ae3ece1 (webtiles) character file.

Game seed: 20230125 (custom seed)

24 stormannnn the Poker (level 3, -14/35 HPs)
             Began as a Gnoll Chaos Knight on Jan 25, 2023.
             Was a Plaything of Xom.
             Demolished by a queen bee (shapeshifter) (17 damage)
             ... on level 2 of the Dungeon.
             The game lasted 00:01:30 (662 turns).

stormannnn the Poker (Gnoll Chaos Knight)            Turns: 662, Time: 00:01:31

Health: -14/35     AC:  4    Str: 13    XL:     3   Next: 2%
Magic:  3/3        EV: 12    Int: 11    God:    Xom [*.....]
Gold:   39         SH:  0    Dex: 11    Spells: 2/3 levels left

rFire   . . .      SeeInvis .    a - +0 spear (chaos)
rCold   . . .      Faith    .    (no shield)
rNeg    . . .      Spirit   .    d - +2 robe {Will+}
rPois   .          Reflect  .    (no helmet)
rElec   .          Harm     .    (no cloak)
rCorr   .          Rampage  .    (no gloves)
Will    +....                    (no boots)
Stlth   +                        (no amulet)
HPRegen 0.25/turn                (no ring)
MPRegen 0.08/turn                (no ring)

@: no status effects
A: fangs 1, strong nose, distributed training
a: Renounce Religion


You were on level 2 of the Dungeon.
You worshipped Xom.
You were a special plaything of Xom.
You visited 1 branch of the dungeon, and saw 2 of its levels.

You collected 39 gold pieces.

Inventory:

Hand Weapons
 a - a +0 spear of chaos (weapon)
Armour
 d - a +2 robe of willpower (worn)
Magical Staves
 f - a staff of conjuration
Potions
 b - 2 potions of might {unknown}
 e - a potion of experience {unknown}
 g - 2 potions of flight {unknown}
 h - a potion of lignification {unknown}
Miscellaneous
 c - a piece from Xom's chessboard (15/15) (quivered)


   Skills:
 + Level 6.5 Fighting
 + Level 0.6 Short Blades
 + Level 0.6 Long Blades
 + Level 0.6 Axes
 + Level 0.6 Maces & Flails
 + Level 6.5 Polearms
 + Level 0.6 Staves
 + Level 0.6 Ranged Weapons
 + Level 0.6 Throwing
 + Level 4.5 Armour
 + Level 2.5 Dodging
 + Level 0.6 Stealth
 + Level 0.6 Shields
 + Level 0.6 Unarmed Combat
 + Level 0.6 Spellcasting
 + Level 0.4 Conjurations
 + Level 0.4 Hexes
 + Level 0.4 Summonings
 + Level 0.4 Necromancy
 + Level 0.4 Translocations
 + Level 0.4 Transmutations
 + Level 0.4 Fire Magic
 + Level 0.4 Ice Magic
 + Level 0.4 Air Magic
 + Level 0.4 Earth Magic
 + Level 0.4 Poison Magic
 + Level 0.8 Invocations
 + Level 0.6 Evocations


You had 2 spell levels left.
You knew the following spells:

 Your Spells              Type           Power      Damage    Failure   Level
a - Summon Small Mammal   Summ           4%         N/A       28%         1

Your spell library contained the following spells:

 Spells                   Type           Power      Damage    Failure   Level
 Apportation              Tloc           2%         N/A       28%         1
 Necrotise                Necr           4%         1d4       28%         1


Dungeon Overview and Level Annotations

Branches:
Dungeon (2/15)

Altars:


Innate Abilities, Weirdness & Mutations

You have very sharp teeth.
Your uncanny sense of smell can sniff out nearby items.
Your experience applies equally to all skills.


Message History

You start memorising the spell.
You continue memorising.
You finish memorising.
Spell assigned to 'a'.
The hobgoblin shouts!
A frilled lizard comes into view.
You completely miss the hobgoblin. The hobgoblin closely misses you.
You hit the hobgoblin. You burn the hobgoblin. Your bite misses the hobgoblin.
The hobgoblin is almost dead.
The hobgoblin hits you but does no damage.
You closely miss the hobgoblin.
The hobgoblin is almost dead.
The hobgoblin hits you.
The frilled lizard bites you but does no damage.
The frilled lizard bites you but does no damage.
The hobgoblin attacks as you move away! The hobgoblin closely misses you.
You hit the hobgoblin but do no damage.
The hobgoblin changes into a shapeshifter!
You barely miss the shapeshifter.
You bite the shapeshifter, but do no damage. "Whee!"
Your surroundings seem slightly different.
A frilled lizard comes into view.
The shapeshifter changes into a queen bee!
You hit the frilled lizard.
You kill the frilled lizard!
You see here a frilled lizard corpse.
You hit the queen bee but do no damage. The queen bee stings you!
You barely miss the queen bee.
You bite the queen bee, but do no damage.
The queen bee stings you!!
Ouch! That really hurt!
* * * LOW HITPOINT WARNING * * *
Xom thinks this is hilarious!
You are too injured to fight recklessly!
You are too injured to fight recklessly!
You are too injured to fight recklessly!
You are too injured to fight recklessly!
You closely miss the queen bee. You closely miss the queen bee.
The queen bee stings you!
You die...
Xom guffaws!

######## #......#
#......# #...)..# #######
######......######.....##
.................'.....>#
##...@y.######......#
l.....##.....# #......#
..... +......+.###...[..#
.... ##.....#..........#
... #.....##.........# ##
#.....##.........#
#.....##.[..##.#.##
#.....##....##.....
#....####...


You could see a queen bee shaped shifter.

Vanquished Creatures
  3 endoplasms
  3 hobgoblins
  4 jackals (D:2)
  A quokka (D:1)
  2 ball pythons (D:1)
  A bat (D:1)
  A frilled lizard (D:2)
  2 goblins (D:1)
  5 rats (D:1)
22 creatures vanquished.

Notes
Turn   | Place    | Note
-------+----------+-------------------------------------------
     0 | D:1      | stormannnn the Gnoll Chaos Knight began the quest for the
                  | Orb.
     0 | D:1      | Reached XP level 1. HP: 23/23 MP: 1/1
   195 | D:1      | Reached XP level 2. HP: 29/29 MP: 2/2
   521 | D:2      | XOM: potion effect (brilliance)
   523 | D:2      | XOM: silly message
   617 | D:2      | Reached XP level 3. HP: 35/35 MP: 3/3
   644 | D:2      | Learned a level 1 spell: Summon Small Mammal
   654 | D:2      | a hobgoblin changed into a shapeshifter
   654 | D:2      | Noticed a shapeshifter (shapeshifter)
   655 | D:2      | XOM: 1-stop teleportation journey
   655 | D:2      | a shapeshifter changed into a queen bee
   655 | D:2      | Noticed a queen bee (shapeshifter)
   662 | D:2      | Demolished by a queen bee (shapeshifter)

Illustrated notes

Levels and vault maps discovered:
D:1:      dpeg_arrival_ratfight, layout_basic
D:2:      layout_basic

Action                     || total
---------------------------++-------
  Melee: Spear             ||    61
         Bite              ||     4
    Use: Scroll            ||     2
 Armour: Robe              ||    10
  Dodge: Dodged            ||    16

Table legend: (Time is in decaauts)
 A = Elapsed time spent in this place.
 B = Non-inter-level travel time spent in this place.
 C = Inter-level travel time spent in this place.
 D = Time resting spent in this place.
 E = Time spent auto-exploring this place.
 F = Levels seen in this place.
 G = Mean time per level.
                   A        B        C        D        E       F      G
               +--------+--------+--------+--------+--------+-----+--------+
         Total |    648 |    639 |      9 |     23 |    464 |   2 |  324.0 |
       Dungeon |    648 |    639 |      9 |     23 |    464 |   2 |  324.0 |
               +--------+--------+--------+--------+--------+-----+--------+

Top non-repeatable levels by time:
     D:1: 511 daAuts
     D:2: 137 daAuts
